[Event "Early-Titled-Tuesday-Blitz-February-06-2024"]
[Site "Chess.com"]
[Date "2024.02.06"]
[Round "1"]
[White "IngOscarArdila"]
[Black "Yan_Dyomin2010"]
[Result "0-1"]
[WhiteElo "2196"]
[BlackElo "2584"]
[TimeControl "180+1"]
[EndTime "8:06:31 PST"]
[Termination "Yan_Dyomin2010 won on time"]

1. d4 Nf6 2. c4 g6 3. Nc3 d5 4. Nf3 Bg7 5. e3 O-O 6. Be2 dxc4 7. Bxc4 c5 8. O-O cxd4 9. Nxd4 a6 10. a4 Bd7 11. Qb3 Nc6 12. Nxc6 Bxc6 13. Rd1 Qa5 14. Bd2 Qg5 15. e4 Qh5 16. Bd5 Bxd5 17. exd5 Rfd8 18.
Bf4 Rd7 19. Rd3 Qf5 20. Rf3 Nxd5 21. Bd6 Qe6 22. Qxd5 Qxd5 23. Nxd5 Rxd6 24. Nc3 Rad8 25.
Kf1 e6 26. Ne4 Rb6 0-1

[Event "Early-Titled-Tuesday-Blitz-February-06-2024"]
[Site "Chess.com"]
[Date "2024.02.06"]
[Round "1"]
[White "Real_taiatai"]
[Black "vovachesss"]
[Result "1-0"]
[WhiteElo "2477"]
[BlackElo "2829"]
[TimeControl "180+1"]
[EndTime "8:06:32 PST"]
[Termination "Real_taiatai won by checkmate"]

1. d4 d6 2. c4 e5 3. d5 f5 4. Nc3 Nf6 5. e3 g6 6. Nf3 Bg7 7. Be2 O-O 8. O-O a5 9. Rb1 Na6 10. b3 Nc5 11. Bb2 h6 12. a3 g5 13. b4 Nce4 14.
Nxe4 Nxe4 15. Nd2 Nxd2 16. Qxd2 f4 17. Bd3 f3 18. Be4 Bf5 19. Bxf5 Rxf5 20. Qc2 Qd7 21. Qe4 Raf8 22. c5 Rf4 23. exf4 Rxf4 24. Qg6 Qg4 25.
Qe6+ Qxe6 26. dxe6 Rg4 27. g3 axb4 28. axb4 Rxb4 29.
cxd6 cxd6 30. Ba3 Ra4 31. Bxd6 Ra6 32. Bc5 Rxe6 33. Rxb7 e4 34. Rd1 Bf6 35. Rdd7 Rc6 36. Rb8+ Bd8 37. Rbxd8# 1-0

[Event "Early-Titled-Tuesday-Blitz-February-06-2024"]
[Site "Chess.com"]
[Date "2024.02.06"]
[Round "1"]
[White "volkanyirik"]
[Black "ChessQueen"]
[Result "1-0"]
[WhiteElo "2453"]
[BlackElo "2708"]
[TimeControl "180+1"]
[EndTime "8:06:32 PST"]
[Termination "volkanyirik won by resignation"]

1. e4 c6 2. Nc3 d5 3. d4 dxe4 4.
f3 Nf6 5. fxe4 e5 6. dxe5 Qxd1+ 7. Nxd1 Nxe4 8. Nf3 h6 9. Be3 Be6 10. Nd4 Bg4 11.
Nf2 Nxf2 12. Bxf2 Nd7 13. h3 Bh5 14. e6 Nf6 15. Bc4 Nd5 16. O-O O-O-O 17. exf7 Bxf7 18. Bb3 Bc5 19. Nf5 Bxf2+ 20. Rxf2 Rd7 21. Nxg7 Rg8 22. Nf5 Be6 23. Re1 Bxf5 24. Rxf5 Rg6 25. Bxd5 cxd5 26. Rd1 d4 27. Rd2 b6 28. Kh2 Kc7 29. g4 Re6 30. Kg3 Re3+ 31. Rf3 Re6 32. Rfd3 Red6 33. h4 Kc6 34. c3 dxc3 35. Rxd6+ Rxd6 36. Rxd6+ Kxd6 37. bxc3 Ke5 38. g5 hxg5 39. hxg5 Kf5 40. Kh4 Kg6 41. Kg4 b5 42. a3 a6 43. Kf4 a5 44. Kg4 Kg7 45. Kf5 Kf7 46. Ke5 Kg6 47. Kd5 Kxg5 48. Kc5 1-0

[Event "Early-Titled-Tuesday-Blitz-February-06-2024"]
[Site "Chess.com"]
[Date "2024.02.06"]
[Round "1"]
[White "FGHSMN"]
[Black "Zarinur"]
[Result "1-0"]
[WhiteElo "2930"]
[BlackElo "2500"]
[TimeControl "180+1"]
[EndTime "8:06:33 PST"]
[Termination "FGHSMN won by resignation"]

1. b3 Nf6 2. Bb2 d5 3. Nf3 Bf5 4. Nh4 Bg6 5. Nxg6 hxg6 6. g3 e6 7. Bg2 Nbd7 8. c4 c6 9. d4 Be7 10. Nc3 Qa5 11. O-O g5 12. e3 g4 13. c5 Nf8 14. Rb1 N8h7 15. b4 Qc7 16. e4 dxe4 17. Nxe4 Nxe4 18. Bxe4 Nf6 19. Bg2 Rh5 20. Ba1 a6 21. a4 Rd8 22. Qe2 Kf8 23. b5 cxb5 24. axb5 b6 25. bxa6 bxc5 26. Rb7 Qa5 27. a7 cxd4 28.
Bxd4 Rxd4 29. Rb8+ Rd8 30. Rxd8+ Bxd8 31. a8=Q 1-0

[Event "Early-Titled-Tuesday-Blitz-February-06-2024"]
[Site "Chess.com"]
[Date "2024.02.06"]
[Round "1"]
[White "ChessSwole"]
[Black "picturesquecheck"]
[Result "1-0"]
[WhiteElo "2702"]
[BlackElo "2384"]
[TimeControl "180+1"]
[EndTime "8:06:33 PST"]
[Termination "ChessSwole won by resignation"]

1. e4 c6 2. d4 d5 3. e5 Bf5 4. h4 h5 5. Bd3 Bxd3 6. Qxd3 e6 7.
Bg5 Qa5+ 8. Nd2 Ne7 9. Ne2 Nf5 10. O-O Nd7 11. Ng3 g6 12. Nxf5 gxf5 13. c4 Qa6 14. Rfc1 Bg7 15. b4 Nf8 16. b5 Qa4 17. Rab1 Ng6 18. cxd5 cxd5 19. Rc7 Rb8 20. Nf1 O-O 21. Ng3 Rfc8 22. Rbc1 Rxc7 23. Rxc7 Qa5 24. Rc1 Qxa2 25.
Nxh5 a6 26. b6 Qa5 27. Nxg7 Kxg7 28. h5 Nf8 29. Qg3 Kg8 30. Bf6+ 1-0

[Event "Early-Titled-Tuesday-Blitz-February-06-2024"]
[Site "Chess.com"]
[Date "2024.02.06"]
[Round "1"]
[White "artooon"]
[Black "Noki102"]
[Result "1-0"]
[WhiteElo "3051"]
[BlackElo "2524"]
[TimeControl "180+1"]
[EndTime "8:06:34 PST"]
[Termination "artooon won on time"]

1. e4 e5 2. Nf3 Nc6 3. Bc4 Nf6 4.
Ng5 d5 5. exd5 Na5 6. Bb5+ c6 7. dxc6 bxc6 8. Qf3 Be7 9. Bd3 O-O 10. Nc3 h6 11.
Nge4 Nd5 12. Ng3 Nf4 13. Bf5 Ba6 14. d3 g6 15. Be4 Qd6 16. Qd1 f5 17. Bf3 g5 18. h3 g4 19. hxg4 fxg4 20. Be4 Bg5 21. Qxg4 Bc8 22. Qd1 Qd4 23. O-O Be6 24. Be3 Qd7 25.
Bf3 Nb7 26. Nce4 Nd6 27. Nc5 Qe7 28. Nxe6 Qxe6 29. c3 Rf6 30. Qb3 Nd5 31. Bxg5 hxg5 32. Ne4 Nxe4 33. dxe4 Nf4 34. Rfd1 Qxb3 35. axb3 Rb8 36.
Rxa7 Rg6 37. Bg4 1-0

[Event "Early-Titled-Tuesday-Blitz-February-06-2024"]
[Site "Chess.com"]
[Date "2024.02.06"]
[Round "1"]
[White "secretsuperstar7"]
[Black "evgchess5"]
[Result "1/2-1/2"]
[WhiteElo "2516"]
[BlackElo "2978"]
[TimeControl "180+1"]
[EndTime "8:06:34 PST"]
[Termination "Game drawn by repetition"]

1. c4 c5 2. Nc3 Nc6 3. Nf3 Nf6 4. g3 g6 5. Bg2 d6 6. O-O Bg7 7. d4 cxd4 8. Nxd4 Bd7 9. h3 Qc8 10. Nxc6 bxc6 11. Kh2 O-O 12. e4 Be6 13. Qe2 Qa6 14. b3 Ng4+ 15. hxg4 Bxc3 16. Bh6 Bxa1 17. Bxf8 Rxf8 18.
Rxa1 Rb8 19. Rd1 Qa5 20. f4 Qc5 21. f5 Bd7 22. e5 gxf5 23. exd6 exd6 24. Qe7 Be6 25.
Rxd6 Qe5 26. Qg5+ Kf8 27. Rd8+ Rxd8 28. Qxd8+ Kg7 29. Qg5+ Kf8 30. Qd8+ Kg7 31. Qg5+ Kf8 32. Qd8+ 1/2-1/2

[Event "Early-Titled-Tuesday-Blitz-February-06-2024"]
[Site "Chess.com"]
[Date "2024.02.06"]
[Round "1"]
[White "NikoTheodorou"]
[Black "Statham_01"]
[Result "1-0"]
[WhiteElo "3067"]
[BlackElo "2527"]
[TimeControl "180+1"]
[EndTime "8:06:35 PST"]
[Termination "NikoTheodorou won by resignation"]

1. Nf3 d5 2. b3 Nc6 3. Bb2 Bg4 4. e3 e5 5. h3 Bxf3 6. Qxf3 Nf6 7. Bb5 Bd6 8. Nc3 a6 9. Bxc6+ bxc6 10. g4 e4 11. Qg2 Qe7 12. f3 d4 13. Nxe4 Nxe4 14. fxe4 dxe3 15.
e5 exd2+ 16. Kd1 O-O 17. exd6 Qxd6 18. Qxd2 Qg6 19. Kc1 Rad8 20. Qf4 Rfe8 21. Bc3 Re2 22. Qf5 Qd6 23. Kb2 Qg3 24. Rad1 Rde8 25. Rhe1 Rxe1 26.
Rxe1 Rf8 27. Qe5 Qxe5 28. Rxe5 g6 29. Rc5 f5 30. gxf5 gxf5 31. Rxc6 Rf7 32. Rxa6 1-0

[Event "Early-Titled-Tuesday-Blitz-February-06-2024"]
[Site "Chess.com"]
[Date "2024.02.06"]
[Round "1"]
[White "GMG"]
[Black "Gryffindorac8"]
[Result "1-0"]
[WhiteElo "2673"]
[BlackElo "2355"]
[TimeControl "180+1"]
[EndTime "8:06:35 PST"]
[Termination "GMG won by checkmate"]

1. Nf3 Nf6 2. c4 e6 3. g3 d5 4. Bg2 Be7 5. d4 O-O 6. O-O c5 7. cxd5 exd5 8. Nc3 Nc6 9. Be3 cxd4 10.
Nxd4 Re8 11. Rc1 Bg4 12. h3 Be6 13. Nxe6 fxe6 14. Qa4 Bd6 15. Rfd1 Rc8 16. Nb5 Bb8 17. Nd4 Qd7 18. Nb3 Kh8 19. Nc5 Qf7 20. Qb5 Re7 21.
Bg5 a6 22. Qa4 h6 23. Bxf6 Qxf6 24. Nxb7 Rxb7 25. Rxc6 Rxc6 26. Qxc6 Rxb2 27. Qxa6 Kh7 28. a4 Ra2 29. Bf3 Qg5 30. Qxe6 Rxa4 31. Rxd5 Ra1+ 32.
Kg2 Qc1 33. Be4+ Kh8 34. Qe8# 1-0

[Event "Early-Titled-Tuesday-Blitz-February-06-2024"]
[Site "Chess.com"]
[Date "2024.02.06"]
[Round "1"]
[White "BashirliSaadat"]
[Black "IMRosen"]
[Result "0-1"]
[WhiteElo "2370"]
[BlackElo "2687"]
[TimeControl "180+1"]
[EndTime "8:06:36 PST"]
[Termination "IMRosen won by resignation"]

1. e4 c5 2. c3 d5 3. exd5 Qxd5 4. Nf3 Nf6 5. Be2 Nc6 6. d4 e6 7. O-O Be7 8. Be3 cxd4 9. Nxd4 Nxd4 10. Bxd4 O-O 11.
Bf3 Qg5 12. Nd2 e5 13. Be3 Qg6 14. Kh1 Rd8 15. Qa4 Bd7 16. Qb3 e4 17. Be2 Bc6 18. Rad1 Ng4 19. Bd4 Bd6 20. h3 Nf6 21. Be3 Bc7 22.
Nc4 Nd5 23. Qc2 b5 24. Rxd5 Rxd5 25. Nd2 Qd6 26. g3 Rxd2 27. Qxd2 Qxd2 28. Bxd2 e3+ 29. f3 exd2 30. Rd1 Rd8 31. Kg2 Bb6 32. b3 Be3 33. c4 b4 34. g4 g5 0-1

[Event "Early-Titled-Tuesday-Blitz-February-06-2024"]
[Site "Chess.com"]
[Date "2024.02.06"]
[Round "1"]
[White "deepfear"]
[Black "Blitzking642"]
[Result "0-1"]
[WhiteElo "1963"]
[BlackElo "2539"]
[TimeControl "180+1"]
[EndTime "8:06:36 PST"]
[Termination "Blitzking642 won on time"]

1. e4 c5 2. Nc3 Nc6 3. g3 g6 4. Bg2 Bg7 5. d3 e6 6. Be3 d6 7. h3 Nge7 8. Qd2 Nd4 9. Nf3 O-O 10. O-O Nxf3+ 11. Bxf3 e5 12. Bh6 Bxh3 13. Rfe1 Be6 14. Kg2 Qd7 15. Rh1 f5 16. Bxg7 Kxg7 17. Qh6+ Kf6 18.
Qh4+ Kf7 19. Qxh7+ Ke8 20. a4 Kd8 21. exf5 gxf5 22.
a5 d5 23. Qg7 Rg8 24. Qxe5 Nc6 25. Qe2 Nd4 26. Qd1 f4 27. Re1 fxg3 28. fxg3 Qd6 29.
g4 Nf5 30. Rxe6 Qxe6 31. Bxd5 Ne3+ 32. Kg3 Qe5+ 33. Kf3 Rf8+ 34. Ke2 Nxd1+ 0-1

[Event "Early-Titled-Tuesday-Blitz-February-06-2024"]
[Site "Chess.com"]
[Date "2024.02.06"]
[Round "1"]
[White "Maitreia"]
[Black "Balla_Tamas"]
[Result "1-0"]
[WhiteElo "2738"]
[BlackElo "2411"]
[TimeControl "180+1"]
[EndTime "8:06:37 PST"]
[Termination "Maitreia won by resignation"]

1. c4 c5 2. Nc3 Nc6 3. g3 g6 4. Bg2 Bg7 5. Nf3 e6 6. d4 cxd4 7. Nb5 d5 8. cxd5 exd5 9. Nbxd4 Nge7 10. O-O O-O 11. b3 Bf5 12. Bb2 Be4 13. Nxc6 bxc6 14.
Bxg7 Kxg7 15. Rc1 Rc8 16. Qd4+ Kg8 17. Ne5 Bxg2 18. Kxg2 Qd6 19. Ng4 Nf5 20. Nf6+ Kh8 21. Qb2 d4 22. Ne4 Qd5 23. f3 Ne3+ 24. Kf2 Nxf1 25.
Rc5 Qd7 26. Kxf1 f5 27. Nf2 Rcd8 28. Nd3 Qe6 29. Re5 Qf6 30. Qc2 Rfe8 31. f4 Qd6 32. Qc4 Rxe5 33. Nxe5 Rf8 34. Nf7+ Rxf7 35. Qxf7 Qc5 36.
Kg2 a5 37. Kh3 h6 38. Qxg6 Qe7 39. Qxh6+ Kg8 40. Qg6+ Kf8 41. Qxf5+ Ke8 42. Qe5 Qxe5 43. fxe5 Ke7 44. Kg4 Ke6 45. Kf4 c5 46. Ke4 a4 47.
h4 axb3 48. axb3 d3 49. exd3 1-0

[Event "Early-Titled-Tuesday-Blitz-February-06-2024"]
[Site "Chess.com"]
[Date "2024.02.06"]
[Round "1"]
[White "KorolDimitriy75"]
[Black "Ginger_GM"]
[Result "0-1"]
[WhiteElo "2368"]
[BlackElo "2683"]
[TimeControl "180+1"]
[EndTime "8:06:37 PST"]
[Termination "Ginger_GM won by checkmate"]

1. d4 e6 2. c4 f5 3. Nf3 Nf6 4. g3 Be7 5. Bg2 O-O 6. O-O d6 7. b3 Ne4 8. Bb2 Bf6 9. Nbd2 Nc6 10. e3 Nxd2 11. Qxd2 e5 12. Rfd1 Qe7 13. Rac1 g5 14.
d5 Nd8 15. b4 g4 16. Ne1 Bd7 17. c5 Ba4 18. Nc2 Nf7 19. Re1 Ng5 20. cxd6 cxd6 21. Na3 a6 22. Nc4 Qd8 23. Na5 Rf7 24. Qe2 h5 25. a3 Rb8 26. e4 f4 27. Bh1 f3 28.
Qd2 Bb5 29. Re3 Nh3# 0-1

[Event "Early-Titled-Tuesday-Blitz-February-06-2024"]
[Site "Chess.com"]
[Date "2024.02.06"]
[Round "1"]
[White "Semetey"]
[Black "Jenia84"]
[Result "1-0"]
[WhiteElo "2618"]
[BlackElo "2287"]
[TimeControl "180+1"]
[EndTime "8:06:37 PST"]
[Termination "Semetey won by resignation"]

1. Nf3 Nf6 2. e3 e6 3. d4 b6 4. Bd3 Bb7 5. O-O c5 6. c4 Na6 7.
Nc3 Be7 8. a3 cxd4 9. exd4 O-O 10.
b4 Rc8 11. Qe2 d6 12. Bb2 Nc7 13. Rac1 a5 14. Na4 axb4 15. axb4 Na6 16. b5 Nb8 17. Nd2 Nbd7 18. Nb3 Ra8 19. Ra1 Qc7 20. Rfc1 Rfc8 21. Bc3 Qd8 22. Bb4 h6 23. Qe1 e5 24. Bf5 g6 25. Bh3 Rcb8 26. Qe3 exd4 27. Nxd4 Nc5 28. Bxc5 dxc5 29. Nc6 Bxc6 30. bxc6 Qc7 31. Nc3 Qxc6 32. Qxe7 Rxa1 33. Rxa1 Re8 34. Nd5 Ne4 35. Bd7 1-0

[Event "Early-Titled-Tuesday-Blitz-February-06-2024"]
[Site "Chess.com"]
[Date "2024.02.06"]
[Round "1"]
[White "Keures"]
[Black "forevery0ung"]
[Result "0-1"]
[WhiteElo "2426"]
[BlackElo "2771"]
[TimeControl "180+1"]
[EndTime "8:06:38 PST"]
[Termination "forevery0ung won by resignation"]

1. d4 Nf6 2. c4 g6 3. Nc3 d6 4. e4 Bg7 5. h3 O-O 6. Nf3 Na6 7. Be3 c5 8. d5 Nc7 9. Be2 a6 10. a4 b6 11. O-O Rb8 12. e5 Nfe8 13. Bf4 Bd7 14.
Ne4 Bf5 15. exd6 Nxd6 16. Nxd6 exd6 17. Qd2 Re8 18. Ra2 b5 19. axb5 axb5 20. b4 bxc4 21.
bxc5 c3 22. Qc1 dxc5 23. d6 Nd5 24. d7 Qxd7 25. Bxb8 Rxb8 26. Rd1 h6 27. Bc4 Rb1 28. Qxb1 Bxb1 29. Rxb1 Nb4 30. Ra8+ Kh7 31. Rc1 c2 32. Ne1 Bb2 33. Rxc2 Nxc2 34. Nxc2 Qd1+ 35. Kh2 Be5+ 36. g3 Qxc2 0-1

[Event "Early-Titled-Tuesday-Blitz-February-06-2024"]
[Site "Chess.com"]
[Date "2024.02.06"]
[Round "1"]
[White "Rdeux42"]
[Black "iwanyu"]
[Result "1/2-1/2"]
[WhiteElo "2440"]
[BlackElo "2770"]
[TimeControl "180+1"]
[EndTime "8:06:40 PST"]
[Termination "Game drawn by repetition"]

1. e4 c6 2. d4 d5 3. Nc3 dxe4 4. Nxe4 Nf6 5. Nxf6+ exf6 6. Bc4 Bd6 7. Qe2+ Be7 8.
Nf3 O-O 9. O-O Nd7 10. Re1 Re8 11. Bf4 Nf8 12. c3 Be6 13. h3 Qd7 14. Rad1 Rad8 15. Bg3 b5 16. Bxe6 Nxe6 17. b3 Qd5 18. c4 bxc4 19.
bxc4 Qa5 20. Qc2 Nxd4 21. Rxd4 Rxd4 22. Rxe7 Rxe7 23. Nxd4 Qc5 24. Nf5 Re1+ 25. Kh2 g6 26. Ne3 Qd4 27. Qb3 h5 28. Qb8+ Kg7 29. Bd6 Kh7 30. Qf8 f5 31. Qxf7+ Qg7 32. Qe8 Qa1 33. Qf7+ Qg7 34. Qe8 Qg8 35. Qd7+ Qg7 36. Qe8 1/2-1/2

[Event "Early-Titled-Tuesday-Blitz-February-06-2024"]
[Site "Chess.com"]
[Date "2024.02.06"]
[Round "1"]
[White "kaanadayhamle"]
[Black "FontVella8"]
[Result "0-1"]
[WhiteElo "2415"]
[BlackElo "2744"]
[TimeControl "180+1"]
[EndTime "8:06:40 PST"]
[Termination "FontVella8 won by resignation"]

1. Nf3 d5 2. g3 Nf6 3. Bg2 e6 4. O-O b5 5. d4 Bb7 6. c3 Nbd7 7. a4 b4 8. Bg5 h6 9. Bf4 a5 10. Nbd2 c5 11. Ne5 Be7 12. cxb4 axb4 13. dxc5 Nxc5 14. Nd3 Nxd3 15. exd3 O-O 16. Re1 Ba6 17. d4 Rc8 18.
Rc1 Qb6 19. Nf3 Ne4 20. Ne5 Rxc1 21. Qxc1 Qxd4 22. Nc6 Qxf2+ 23. Kh1 Bc5 24. Bxe4 dxe4 25. Be3 Bxe3 26. Qxe3 Qxb2 27. Qxe4 b3 28. Nb4 Bc8 29. Rb1 Qc3 30. Nd3 Rd8 31. Ne5 Qc2 32. Qe1 Bb7+ 33.
Kg1 0-1

[Event "Early-Titled-Tuesday-Blitz-February-06-2024"]
[Site "Chess.com"]
[Date "2024.02.06"]
[Round "1"]
[White "AlexeiShirov"]
[Black "ChessFighter1975"]
[Result "1-0"]
[WhiteElo "2771"]
[BlackElo "2425"]
[TimeControl "180+1"]
[EndTime "8:06:41 PST"]
[Termination "AlexeiShirov won by checkmate"]

1. e4 Nf6 2. e5 Nd5 3. d4 d6 4. c4 Nb6 5. f4 dxe5 6. fxe5 c5 7.
d5 g6 8. Nc3 Bg7 9. Nf3 Bg4 10.
Bf4 N8d7 11. Qe2 O-O 12. O-O-O Qb8 13. Re1 e6 14. d6 f6 15. exf6 Nxf6 16. h3 Bxf3 17.
gxf3 Kh8 18. Nb5 Nh5 19. Be5 Qc8 20. h4 Qd7 21. Bh3 a6 22. Nc7 Rad8 23. Nxe6 Qf7 24. Bxg7+ Nxg7 25. Nxd8 Rxd8 26. Qe5 Nxc4 27. Qxc5 Rxd6 28.
Qc8+ Qg8 29. Qxg8+ Kxg8 30. Re7 Rc6 31. Kb1 b5 32. Rd1 Nd6 33. Rc1 Rb6 34. Rcc7 Ngf5 35. Bxf5 Nxf5 36. Re8# 1-0

[Event "Early-Titled-Tuesday-Blitz-February-06-2024"]
[Site "Chess.com"]
[Date "2024.02.06"]
[Round "1"]
[White "Road2GM3000"]
[Black "scarabee43"]
[Result "0-1"]
[WhiteElo "2472"]
[BlackElo "2868"]
[TimeControl "180+1"]
[EndTime "8:06:42 PST"]
[Termination "scarabee43 won on time"]

1. d4 Nf6 2. c4 e6 3. Nc3 d5 4.
cxd5 exd5 5. Bg5 Be7 6. e3 h6 7. Bh4 c6 8. Bd3 O-O 9. Qc2 a5 10. Nf3 Na6 11. a3 Be6 12. Ne5 Nd7 13. Bg3 Nxe5 14.
dxe5 Nc5 15. O-O Nxd3 16. Qxd3 Qd7 17. Rad1 Rfd8 18. e4 d4 19. Ne2 c5 20. f4 a4 21.
f5 Bb3 22. f6 Bf8 23. Rd2 g6 24. Qf3 Ra6 25. Nf4 b5 26. h4 Be6 27. Rdf2 Bg4 28. Qd3 c4 29. Qd2 d3 30. Nxg6 fxg6 31. f7+ Kh7 32.
Rf6 Rxf6 33. Rxf6 Qd4+ 34. Kh2 Qxe4 35. Rf4 Qe2 0-1

[Event "Early-Titled-Tuesday-Blitz-February-06-2024"]
[Site "Chess.com"]
[Date "2024.02.06"]
[Round "1"]
[White "VinzentSpitzl"]
[Black "Seochesspie"]
[Result "0-1"]
[WhiteElo "2448"]
[BlackElo "2806"]
[TimeControl "180+1"]
[EndTime "8:06:43 PST"]
[Termination "Seochesspie won on time"]

1. e4 c5 2. Nf3 Nc6 3. d4 cxd4 4. Nxd4 e6 5. Nc3 Qc7 6. Be3 a6 7. Be2 Nf6 8. O-O Bb4 9. Na4 Be7 10. Nxc6 bxc6 11. Nb6 Rb8 12. Nxc8 Qxc8 13. Bd4 c5 14. Be5 Rb6 15. Qd3 O-O 16. b3 d6 17.
Bb2 Nd7 18. Rfd1 Bf6 19. Bxf6 Nxf6 20. Bf3 h6 21. g3 Qc7 22. Bg2 c4 23. bxc4 Rc8 24.
Rab1 Rxb1 25. Rxb1 Qxc4 26. Qxd6 Qxc2 27. Rb8 Rxb8 28.
Qxb8+ Kh7 29. Qb3 Qc1+ 30. Bf1 Nxe4 31. Qd3 f5 32. Qxa6 Nd2 33. Kg2 Qe1 34. Qe2 Qc1 35.
Qd3 Qc6+ 36. f3 Qc1 37. Be2 Nb1 38. Qd1 Qb2 39. g4 Nc3 0-1

[Event "Early-Titled-Tuesday-Blitz-February-06-2024"]
[Site "Chess.com"]
[Date "2024.02.06"]
[Round "1"]
[White "PabloZarnicki"]
[Black "Arlo2024"]
[Result "1-0"]
[WhiteElo "2621"]
[BlackElo "2289"]
[TimeControl "180+1"]
[EndTime "8:06:45 PST"]
[Termination "PabloZarnicki won by resignation"]

1. e4 e6 2. d3 d5 3. Qe2 Nf6 4.
Nf3 c5 5. g3 Nc6 6. Bg2 Be7 7.
e5 Nd7 8. O-O b5 9. c4 bxc4 10.
dxc4 Nb6 11. cxd5 Nxd5 12. Na3 O-O 13. Nc4 a5 14. Qe4 Ba6 15. Re1 Qc7 16. Bg5 Bxc4 17. Qxc4 Bxg5 18. Nxg5 h6 19. Nf3 Rab8 20. Qxc5 Nxe5 21.
Qxc7 Nxf3+ 22. Bxf3 Nxc7 23. b3 Nb5 24. Re5 Nd4 25. Bd1 f6 26. Rxa5 e5 27. Rc1 Rfc8 28. Rac5 Rxc5 29. Rxc5 Rd8 30. Kg2 Ne6 31. Rc1 Rd2 32.
b4 Nd4 33. a4 Nf5 34. Bb3+ Kf8 35. b5 e4 36. Kg1 Nd4 37. Bd1 Nf5 38. b6 e3 39.
fxe3 Nxe3 40. b7 Rg2+ 41. Kh1 Rb2 42. Rc8+ Ke7 43. b8=Q Rxb8 44. Rxb8 Nxd1 45. a5 1-0

[Event "Early-Titled-Tuesday-Blitz-February-06-2024"]
[Site "Chess.com"]
[Date "2024.02.06"]
[Round "1"]
[White "Attacker_2006"]
[Black "rasmussvane"]
[Result "0-1"]
[WhiteElo "2503"]
[BlackElo "2956"]
[TimeControl "180+1"]
[EndTime "8:06:46 PST"]
[Termination "rasmussvane won on time"]

1. e4 c6 2. Nf3 d5 3. exd5 cxd5 4. d4 Nc6 5. Bd3 Bg4 6. c3 e6 7.
h3 Bh5 8. O-O Bd6 9. Re1 Qc7 10.
Be3 Nge7 11. Nbd2 Bg6 12. Qe2 O-O 13. Rac1 Rae8 14. c4 dxc4 15. Nxc4 Qd7 16. Bxg6 hxg6 17. Red1 Rd8 18. Bg5 f6 19. Be3 Nd5 20. Re1 g5 21.
Nxd6 Qxd6 22. Nd2 Rfe8 23. Nc4 Qd7 24. Qg4 Nde7 25. h4 gxh4 26. Bd2 Nf5 27. Bc3 Ncxd4 28. Bxd4 Qxd4 29. Qxd4 Nxd4 30. Rcd1 Rd7 0-1

[Event "Early-Titled-Tuesday-Blitz-February-06-2024"]
[Site "Chess.com"]
[Date "2024.02.06"]
[Round "1"]
[White "ural58"]
[Black "AlmasRakhmatullaev"]
[Result "0-1"]
[WhiteElo "2490"]
[BlackElo "2890"]
[TimeControl "180+1"]
[EndTime "8:06:49 PST"]
[Termination "AlmasRakhmatullaev won on time"]

1. e4 e5 2. Nf3 Nc6 3. Bc4 Nf6 4.
Ng5 d5 5. exd5 Na5 6. Bb5+ c6 7. dxc6 bxc6 8. Bd3 Nd5 9. h4 Nf4 10. Bf1 Qd5 11. Qf3 Qc5 12. Nc3 h6 13. Nge4 Qe7 14.
g3 Ne6 15. Bd3 Nd4 16. Qg2 f5 17. b3 fxe4 18. Bxe4 Bf5 19. Bxf5 Nxf5 20. Bb2 Nd4 21. O-O-O O-O-O 22. Rhe1 Qc7 23. Na4 Bd6 24. f4 Rhe8 25.
Kb1 Nb5 26. f5 Na3+ 27. Bxa3 Bxa3 28. g4 Kb8 29. g5 hxg5 30. hxg5 Rd4 31. Nc3 Nc4 32.
f6 gxf6 33. gxf6 Red8 34. d3 Qa5 35. Na4 Nb6 36. Nxb6 Qc3 0-1

[Event "Early-Titled-Tuesday-Blitz-February-06-2024"]
[Site "Chess.com"]
[Date "2024.02.06"]
[Round "1"]
[White "RamonManon0g"]
[Black "mjray79"]
[Result "0-1"]
[WhiteElo "2396"]
[BlackElo "2718"]
[TimeControl "180+1"]
[EndTime "8:06:49 PST"]
[Termination "mjray79 won by resignation"]

1. e4 c5 2. Nf3 d6 3. Bb5+ Nd7 4. a4 Nf6 5. Nc3 a6 6. Bc4 e6 7. a5 b5 8. axb6 Nxb6 9. Be2 Be7 10. O-O O-O 11. d4 cxd4 12. Qxd4 e5 13. Qd3 Nbd7 14.
Be3 Bb7 15. Rfd1 Qc7 16. Nh4 g6 17. Bh6 Rfd8 18. Nf5 Nc5 19. Nxe7+ Qxe7 20. Qh3 Nfxe4 21. Nd5 Bxd5 22. Rxd5 Nf6 23. Bg5 Nce4 24. Bh4 g5 25.
f3 Nxd5 26. fxe4 Nf4 27. Qg4 Nxe2+ 28. Kh1 f6 29. Bxg5 fxg5 30. Qxe2 Rf8 31. h3 Qf7 32.
Qd3 Qe6 33. Ra3 Rf4 34. Kh2 g4 35. Rb3 gxh3 36. gxh3 Rf2+ 37. Kg1 Raf8 38. Qg3+ Qg6 0-1

[Event "Early-Titled-Tuesday-Blitz-February-06-2024"]
[Site "Chess.com"]
[Date "2024.02.06"]
[Round "1"]
[White "Herman-NY"]
[Black "DevikBronstein"]
[Result "0-1"]
[WhiteElo "2496"]
[BlackElo "2910"]
[TimeControl "180+1"]
[EndTime "8:06:50 PST"]
[Termination "DevikBronstein won on time"]

1. e4 c5 2. Nf3 Nc6 3. Bb5 g6 4.
Bxc6 dxc6 5. O-O Bg7 6. d3 Qc7 7. Re1 e5 8. a4 Nf6 9. a5 Nd7 10.
Nbd2 Nf8 11. Nc4 Ne6 12. Bd2 O-O 13. b4 cxb4 14. Bxb4 Rd8 15. Qb1 Rb8 16. Qb2 f6 17. Qa3 c5 18. Bc3 Nd4 19. Nxd4 cxd4 20. Bb4 Qc6 21. Bd6 Ra8 22. Qc5 Be6 23. Qxc6 bxc6 24. Bc5 Rdb8 25. Reb1 Rb5 26. Bd6 Rd8 27. Be7 Rdb8 28.
Rxb5 cxb5 0-1

[Event "Early-Titled-Tuesday-Blitz-February-06-2024"]
[Site "Chess.com"]
[Date "2024.02.06"]
[Round "1"]
[White "Keeper0416"]
[Black "bogcsab"]
[Result "1-0"]
[WhiteElo "2567"]
[BlackElo "2144"]
[TimeControl "180+1"]
[EndTime "8:06:50 PST"]
[Termination "Keeper0416 won on time"]

1. d4 Nf6 2. c4 g6 3. Nc3 Bg7 4. e4 O-O 5. Nf3 d6 6. Be2 Nbd7 7. O-O e5 8. d5 Nc5 9. Qc2 a5 10. Be3 Ng4 11. Bxc5 dxc5 12. Nd2 f5 13. exf5 gxf5 14. Bxg4 fxg4 15. Nde4 Bf5 16. Qd2 b6 17. Rad1 Rf7 18. Ng5 Rd7 19. Nge4 Kh8 20. Rfe1 Qf8 21. Qe2 Rad8 22.
Ng3 Qf6 23. Nce4 Qg6 24. Nxf5 Qxf5 25. Rd3 Rf8 26. Rg3 h5 27. h3 gxh3 28. Rxh3 Kg8 29. Rxh5 Qg6 30. Rg5 Qh6 31. Qg4 Rdf7 32. Rh5 Qf4 33. Qg6 Rf6 34. Qh7+ Kf7 35. Nxf6 Kxf6 36. Rhxe5 Bh8 37. Re6+ 1-0

[Event "Early-Titled-Tuesday-Blitz-February-06-2024"]
[Site "Chess.com"]
[Date "2024.02.06"]
[Round "1"]
[White "ErikRonka"]
[Black "Marcan2b"]
[Result "0-1"]
[WhiteElo "2517"]
[BlackElo "3027"]
[TimeControl "180+1"]
[EndTime "8:06:51 PST"]
[Termination "Marcan2b won by resignation"]

1. e4 c5 2. Nf3 Nc6 3. d4 cxd4 4. Nxd4 Nf6 5. Nc3 e5 6. Ndb5 d6 7. Bg5 a6 8. Na3 Be6 9. Nc4 Rb8 10. Nd5 Bxd5 11. exd5 Ne7 12. Bxf6 gxf6 13. g3 f5 14. Bh3 f4 15. gxf4 Ng6 16. fxe5 dxe5 17. d6 Qh4 18.
d7+ Kd8 19. Qd3 Bb4+ 20. c3 Nf4 21. Qe4 Qxh3 22. O-O-O Bxc3 23. Nxe5 Qe6 24. bxc3 Ng6 25. Rhe1 Qxa2 26. Nc6+ bxc6 27. Qe8+ Kc7 28. d8=Q+ Rxd8 29. Re7+ Nxe7 30. Qxe7+ Kc8 0-1